 Dungeon Crawl Stone Soup version 0.31-a0-222-gefeffbb62a (webtiles) character file.

Game seed: 4343581639101861780

1 7w4c the Ducker (level 1, 0/14 HPs)
             Began as a Meteoran Wanderer on July 5, 2023.
             Slain by a hobgoblin (2 damage)
             ... on level 1 of the Dungeon.
             The game lasted 00:00:21 (40 turns).

7w4c the Ducker (Meteoran Wanderer)                   Turns: 40, Time: 00:00:22

Health: 0/14       AC:  3    Str: 12    XL:     1   Next: 28%
Magic:  2/2        EV: 13    Int: 13    God:
Gold:   0          SH:  4    Dex: 14    Spells: 0/0 levels left

rFire   . . .        a - +0 hand axe
rCold   . . .        d - +0 buckler
rNeg    . . .        c - +0 leather armour
rPois   .            (no helmet)
rElec   .            (no cloak)
rCorr   .            (no gloves)
SInv    .            (no boots)
Will    .....        (no amulet)
Stlth   +            (no ring)
HPRegen 0.22/turn    (no ring)
MPRegen 0.08/turn

%: no passive effects
@: glowing
A: sense surroundings 1, otherworldly, glowing, explore regen
a: no special abilities


You were on level 1 of the Dungeon.
You visited 1 branch of the dungeon, and saw 1 of its levels.

Inventory:

Hand Weapons
 a - a +0 hand axe (weapon)
Missiles
 b - 2 throwing nets (quivered)
Armour
 c - a +0 leather armour (worn)
 d - a +0 buckler (worn)
Potions
 e - a potion of brilliance


   Skills:
 + Level 1.2 Axes
 + Level 2.4 Armour
 + Level 4.9 Dodging
 + Level 2.4 Shields
 + Level 1.2 Evocations


You couldn't memorise any spells.
You didn't know any spells.
Your spell library was empty.

Dungeon Overview and Level Annotations

Branches:
Dungeon (1/15) Zot: 555

Altars:


Innate Abilities, Weirdness & Mutations

You passively map a small area around you.
You are easily found by Zot.
You glow in the dark.
You regain HP and MP as you explore.


Message History

You block the quokka's attack. The quokka bites you.
* * * LOW HITPOINT WARNING * * *
You barely miss the quokka.
The quokka is lightly wounded.
The quokka closely misses you.
You completely miss the quokka.
The quokka is lightly wounded.
The quokka closely misses you. The quokka barely misses you.
You hit the quokka.
The quokka is almost dead.
The quokka completely misses you.
You hit the quokka.
You kill the quokka!
An endoplasm comes into view.
The endoplasm quivers.
The endoplasm moves out of view.
You see here a quokka corpse.
A rat comes into view.
Found a whip.
A hobgoblin comes into view.
Found a sapphire potion.
The hobgoblin shouts!
The endoplasm hits you. The endoplasm attacks as you move away!
The endoplasm hits you.
A ball python comes into view.
The ball python hisses angrily.
The ball python moves out of view.
The rat bites you.
You hit the endoplasm.
The endoplasm is almost dead.
You barely miss the rat. You hit the hobgoblin but do no damage.
You block the rat's attack. You block the hobgoblin's attack.
The endoplasm freezes you.
You are frozen.
* * * LOW HITPOINT WARNING * * *
You barely miss the endoplasm.
The endoplasm is almost dead.
You closely miss the hobgoblin. You barely miss the rat.
The hobgoblin hits you.
You die...

* , ,
#..............# ~ ,
* * ##..?...........#
,
..#.........$.......#
, #.#.#
#.............# *
,..#.# #.............
# #.#.# #.......S....
..#.#.###(......g#*
..#.#.##.†.....J@# *
* ,
#.....##.##....r..# ,
* ,
#........##..!....#*
####.###.##.........!
* .....#
#.##......###.#
######*#.##......# *
.# ...#......# ,.
...#....).. * , ...#
* * , ,


You could see an endoplasm, a hobgoblin, a ball python and a rat.

Vanquished Creatures
  A quokka (D:1)
1 creature vanquished.

Notes
Turn   | Place    | Note
-------+----------+-------------------------------------------
     0 | D:1      | 7w4c the Meteoran Wanderer began the quest for the Orb.
     0 | D:1      | 7w4c set off with the following items: a +0 hand axe, 2
                  | throwing nets, a +0 leather armour, a +0 buckler, a potion
                  | of brilliance.
     0 | D:1      | Reached XP level 1. HP: 14/14 MP: 2/2
    40 | D:1      | Slain by a hobgoblin

Illustrated notes

Levels and vault maps discovered:
D:1:      lemuel_arrival_cross, layout_basic, moated_statue

Action                     || total
---------------------------++-------
  Melee: Hand axe          ||    12
 Armour: Leather armour    ||     1
  Dodge: Dodged            ||     6
  Block: Buckler           ||     3

Table legend: (Time is in decaauts)
 A = Elapsed time spent in this place.
 B = Non-inter-level travel time spent in this place.
 C = Inter-level travel time spent in this place.
 D = Time resting spent in this place.
 E = Time spent auto-exploring this place.
 F = Levels seen in this place.
 G = Mean time per level.
                   A        B        C        D        E       F      G
               +--------+--------+--------+--------+--------+-----+--------+
         Total |     42 |     42 |      0 |      0 |     15 |   1 |   42.0 |
       Dungeon |     42 |     42 |      0 |      0 |     15 |   1 |   42.0 |
               +--------+--------+--------+--------+--------+-----+--------+

Top non-repeatable levels by time:
     D:1: 42 daAuts
